[Event "Titled Tuesday Blitz August 08 Late 2023"]
[White "Mitrabha, Guha"]
[Black "Czerw, Dawid"]
[WhiteFideId "5057000"]
[BlackFideId "1145746"]
[WhiteElo "2835"]
[BlackElo "2540"]
[Result "1-0"]
[Round "2"]
[TimeControl "180+1"]
[Date "2023.08.08"]
[WhiteClock "0:02:06"]
[BlackClock "0:00:28"]
[Board "41"]

1. Nf3 Nf6 2. g3 g6 3. Bg2 Bg7 4. O-O O-O 5. c4 d6 6. Nc3 e5 7. d3 Re8 8. Bg5 c6 9. Rb1 Nbd7 10. b4 Nf8 11. b5 c5 12. Nd2 Ne6 13. Bxf6 Bxf6 14. a4 Rb8 15. Nd5 Bg7 16. e3 f5 17. a5 Bd7 18. Qb3 Rf8 19. b6 a6 20. Nc7 Nxc7 21. bxc7 Qxc7 22. Qb6 Rfc8 23. Bxb7 Qxb6 24. Rxb6 Rd8 25. Rfb1 Kf8 26. Rxa6 e4 27. Rab6 Bc3 28. Nb3 Ba4 29. a6 exd3 30. a7 Rxb7 31. Rxb7 Bc6 32. Rb8 Ke7 33. Rd1 1-0


[Site "https://www.chess.com"]

[Event "Titled Tuesday Blitz August 08 Late 2023"]
[White "Droin, Augustin"]
[Black "Pakleza, Zbigniew"]
[WhiteFideId "45105987"]
[BlackFideId "1119290"]
[WhiteElo "2537"]
[BlackElo "2832"]
[Result "1-0"]
[Round "2"]
[TimeControl "180+1"]
[Date "2023.08.08"]
[WhiteClock "0:00:10"]
[BlackClock "0:00:03"]
[Board "42"]

1. e4 d6 2. d4 Nf6 3. Nc3 c6 4. f4 Qb6 5. Nf3 Bg4 6. Qd3 Bxf3 7. gxf3 e6 8. e5 Nh5 9. Ne4 d5 10. Ng3 Nxg3 11. hxg3 g6 12. g4 c5 13. f5 Nc6 14. c3 cxd4 15. f4 O-O-O 16. fxg6 fxg6 17. a4 dxc3 18. bxc3 Kb8 19. Rb1 Qc7 20. g5 Bc5 21. Rh2 b6 22. a5 Nxa5 23. Qa6 Nc4 24. Ra2 Rhf8 25. Rba1 Rf7 26. Qb5 Nxe5 27. Rxa7 Nf3+ 28. Ke2 Ng1+ 29. Kd3 Qxa7 30. Rxa7 Rxa7 31. Be3 d4 32. cxd4 Nf3 33. Qb2 Nxd4 34. Ke4 Ra4 35. Ke5 Kc7 36. Bb5 Nxb5 37. Bxc5 bxc5 38. Qxb5 Ra7 39. Qxc5+ Kb7 40. Qb5+ Ka8 41. Qc6+ Rb7 42. Qa6+ Kb8 43. Qxe6 Rdd7 44. Qg8+ Ka7 45. Qa2+ Kb6 46. Qb2+ Kc7 47. Qc3+ Kd8 48. Qa5+ Ke7 49. Qc5+ Kf7 50. Qc4+ Kg7 51. Ke4 Re7+ 52. Kf3 Rbd7 53. Qc3+ Kg8 54. Qc4+ Kf8 55. Qc3 Kg8 56. Qc8+ Kg7 57. Qc3+ Kf7 58. Kg4 Re6 59. Qc4 Ke7 60. f5 gxf5+ 61. Kxf5 Red6 62. Qe4+ Kd8 63. Qa8+ Ke7 64. Qh8 Rd5+ 65. Kg4 Ke6 66. Qf6# 1-0


[Site "https://www.chess.com"]

[Event "Titled Tuesday Blitz August 08 Late 2023"]
[White "Talibov, Shiroghlan"]
[Black "Bettalli, Francesco"]
[WhiteFideId "13429078"]
[BlackFideId "2816453"]
[WhiteElo "2826"]
[BlackElo "2534"]
[Result "1-0"]
[Round "2"]
[TimeControl "180+1"]
[Date "2023.08.08"]
[WhiteClock "0:00:04"]
[BlackClock "0:00:00"]
[Board "43"]

1. e4 e5 2. Nf3 Nf6 3. d4 Nxe4 4. dxe5 d5 5. exd6 Bxd6 6. Bd3 Nc5 7. Bg5 Be7 8. Bb5+ c6 9. Qxd8+ Bxd8 10. Bxd8 Kxd8 11. Be2 Re8 12. Nc3 Kc7 13. O-O-O Bg4 14. Rhe1 Nbd7 15. Nd4 Bxe2 16. Rxe2 Rxe2 17. Ndxe2 Re8 18. h3 Nf6 19. Ng3 g6 20. b3 h5 21. b4 Ne6 22. Nge2 h4 23. a3 b6 24. Rd3 Nh5 25. Re3 Rd8 26. Ne4 Nef4 27. Nxf4 Nxf4 28. Rf3 Ne2+ 29. Kb2 f5 30. Ng5 Rd2 31. Ne6+ Kd6 32. Nf4 Nxf4 33. Rxf4 Ke5 34. Rxh4 Rxf2 35. g4 f4 36. Kc3 Rf3+ 37. Kd2 Rxa3 38. Rh6 Kf6 39. h4 Rg3 40. g5+ Kf5 41. Rh7 a5 42. bxa5 bxa5 43. Rc7 Ke4 44. Rxc6 Rg2+ 45. Ke1 f3 46. Rxg6 Rxc2 47. Re6+ Kf4 48. g6 Kg3 49. Rf6 f2+ 50. Rxf2 Rc1+ 51. Ke2 Rc6 52. h5 Kh4 53. g7 1-0


[Site "https://www.chess.com"]

[Event "Titled Tuesday Blitz August 08 Late 2023"]
[White "Dobrikov, Marco"]
[Black "Asadli, Vugar"]
[WhiteFideId "12950378"]
[BlackFideId "13405764"]
[WhiteElo "2531"]
[BlackElo "2819"]
[Result "0-1"]
[Round "2"]
[TimeControl "180+1"]
[Date "2023.08.08"]
[WhiteClock "0:00:09"]
[BlackClock "0:00:52"]
[Board "44"]

1. d4 Nf6 2. Bf4 g6 3. c3 Bg7 4. Nd2 O-O 5. Ngf3 d6 6. e3 b6 7. h3 Bb7 8. Be2 Nbd7 9. O-O Re8 10. Bh2 e5 11. Ne1 Ne4 12. Nxe4 Bxe4 13. Bf3 Bxf3 14. Nxf3 Qe7 15. Re1 h5 16. Qa4 Nf8 17. Qc6 Nh7 18. dxe5 dxe5 19. Rad1 Rad8 20. Bg3 Bf6 21. Kf1 h4 22. Bh2 Kg7 23. Ke2 Rd6 24. Rxd6 cxd6 25. Rd1 Rd8 26. Qd5 Nf8 27. Nd2 Qe6 28. Ne4 Qxd5 29. Rxd5 Be7 30. f4 f6 31. Kd3 Ne6 32. fxe5 dxe5 33. Rxd8 Bxd8 34. Kc4 Nc7 35. a4 Kf7 36. b4 Ke6 37. Nd2 Nd5 38. Bg1 f5 39. e4 Nf4 40. Kb5 Ne2 41. Bf2 Nxc3+ 42. Ka6 Nxa4 43. Kxa7 Nc3 44. Bxb6 Bxb6+ 45. Kxb6 Nxe4 46. Nf1 Kd5 47. b5 Nd6 48. Ka6 f4 49. b6 e4 50. Nd2 g5 51. Ka7 Nc8+ 52. Kb7 Nxb6 53. Kxb6 Kd4 54. Kc6 Ke3 55. Kd5 Kxd2 56. Kxe4 Ke2 57. Kf5 f3 58. gxf3 Kxf3 59. Kxg5 Kg3 60. Kf5 Kxh3 61. Kf4 Kg2 62. Kg4 h3 0-1


[Site "https://www.chess.com"]

[Event "Titled Tuesday Blitz August 08 Late 2023"]
[White "Ashraf, Artin"]
[Black "reevecanada"]
[WhiteFideId "22514805"]
[WhiteElo "2819"]
[BlackElo "2530"]
[Result "1-0"]
[Round "2"]
[TimeControl "180+1"]
[Date "2023.08.08"]
[WhiteClock "0:00:26"]
[BlackClock "0:00:12"]
[Board "45"]

1. e4 c5 2. Nf3 d6 3. d4 cxd4 4. Qxd4 Nc6 5. Qe3 Nf6 6. h3 g6 7. Be2 Bg7 8. O-O O-O 9. Rd1 Qc7 10. a3 a6 11. Nc3 b5 12. Bf1 Bb7 13. Qe1 Ne5 14. Nxe5 dxe5 15. f3 e6 16. Be3 Rfd8 17. Qf2 Nd7 18. a4 b4 19. Na2 a5 20. Bb5 Bf8 21. Nc1 Nc5 22. Nb3 Nxb3 23. cxb3 Rd6 24. Rxd6 Qxd6 25. Qe2 Rd8 26. Rc1 h5 27. Bc5 Qc7 28. Be3 Qd6 29. Kh2 Be7 30. Bc5 Qxc5 31. Rxc5 Bxc5 32. h4 Rd6 33. Be8 Kf8 34. Bb5 Ke7 35. Qc2 Bb6 36. Qc1 Bd4 37. Qc7+ Kf6 38. Qxd6 Bf2 39. Qf8 Bxh4 40. Qd8+ Kg7 41. Qxh4 Ba8 42. Qd8 1-0


[Site "https://www.chess.com"]

[Event "Titled Tuesday Blitz August 08 Late 2023"]
[White "Perske, Thore"]
[Black "Bazeev, German"]
[WhiteFideId "12902195"]
[BlackFideId "24119350"]
[WhiteElo "2529"]
[BlackElo "2814"]
[Result "1-0"]
[Round "2"]
[TimeControl "180+1"]
[Date "2023.08.08"]
[WhiteClock "0:00:04"]
[BlackClock "0:00:00"]
[Board "46"]

1. d4 Nf6 2. g3 d5 3. Bg2 c6 4. Nf3 Bf5 5. c4 e6 6. Nc3 h6 7. Qb3 Qc8 8. O-O Nbd7 9. h3 Be7 10. g4 Bh7 11. Bf4 O-O 12. Nd2 b5 13. cxb5 c5 14. Nf3 Qb7 15. a4 a6 16. e3 Rfc8 17. Ne5 Nxe5 18. Bxe5 c4 19. Qd1 Nd7 20. Bg3 Bb4 21. bxa6 Rxa6 22. Nb5 Nf6 23. Kh2 Bd3 24. Rg1 Ne4 25. Bf1 Nd2 26. Bxd3 cxd3 27. f4 Rc2 28. Rg2 Nb3 29. Ra2 Bd2 30. Ra3 Bxe3 31. Rxb3 Rc1 32. Qxd3 Rxa4 33. Qxe3 Raa1 34. Bf2 Rh1+ 35. Kg3 Qe7 36. Nc3 h5 37. g5 h4+ 38. Kf3 f5 39. Ne2 Qf7 40. Bxh4 Qh5+ 41. Kg3 Raf1 42. Rb8+ Kh7 43. Rb3 Kg6 44. Ng1 Rb1 45. Qxe6+ Kh7 46. Qxf5+ Kh8 47. Rb8+ 1-0


[Site "https://www.chess.com"]

[Event "Titled Tuesday Blitz August 08 Late 2023"]
[White "Lysyj, Igor"]
[Black "Grossboss19"]
[WhiteFideId "4150120"]
[WhiteElo "2812"]
[BlackElo "2528"]
[Result "1-0"]
[Round "2"]
[TimeControl "180+1"]
[Date "2023.08.08"]
[WhiteClock "0:00:04"]
[BlackClock "0:00:00"]
[Board "47"]

1. d4 Nf6 2. c4 e6 3. Nf3 d5 4. g3 c6 5. Bg2 Nbd7 6. O-O Bd6 7. Qc2 O-O 8. b3 b6 9. Rd1 Bb7 10. Nc3 Qe7 11. e4 dxe4 12. Nxe4 Nxe4 13. Qxe4 Nf6 14. Qe2 c5 15. dxc5 Bxc5 16. Ne5 Bxg2 17. Kxg2 Qb7+ 18. Qf3 Qxf3+ 19. Kxf3 Rfd8 20. Bf4 Rac8 21. Rxd8+ Rxd8 22. Nc6 Rd7 23. b4 Bf8 24. a4 Rd3+ 25. Kg2 Rc3 26. c5 Nd5 27. Nxa7 bxc5 28. b5 c4 29. a5 Bc5 30. b6 Rb3 31. Nc6 c3 32. Rc1 f6 33. Rc2 e5 34. Bc1 Kf7 35. Kf3 Ke6 36. b7 Bd6 37. a6 Nc7 38. b8=Q Rxb8 39. Nxb8 Nb5 40. Nc6 Kd5 41. a7 Nc7 42. Rxc3 Bc5 43. Be3 Bd4 44. Bxd4 exd4 45. Nxd4 1-0


[Site "https://www.chess.com"]

[Event "Titled Tuesday Blitz August 08 Late 2023"]
[White "Khandelwal, Ankush"]
[Black "Troff, Kayden"]
[WhiteFideId "413470"]
[BlackFideId "2047896"]
[WhiteElo "2526"]
[BlackElo "2809"]
[Result "0-1"]
[Round "2"]
[TimeControl "180+1"]
[Date "2023.08.08"]
[WhiteClock "0:00:00"]
[BlackClock "0:00:07"]
[Board "48"]

1. e4 c5 2. Nf3 g6 3. c3 Bg7 4. d4 cxd4 5. cxd4 d5 6. e5 Nc6 7. Bb5 Nh6 8. O-O O-O 9. h3 f6 10. Nc3 fxe5 11. dxe5 e6 12. Re1 Nf7 13. Bxc6 bxc6 14. Na4 Qa5 15. b3 Rd8 16. Ba3 Bf8 17. Bxf8 Kxf8 18. Rc1 Bd7 19. Qd4 Rab8 20. Qh4 Kg8 21. Ng5 Nxg5 22. Qxg5 Rf8 23. Qe7 Rf7 24. Qc5 Qd2 25. Qc2 Qf4 26. Nc5 Bc8 27. Nd3 Qd4 28. Red1 Rb6 29. Nc5 Qxe5 30. Na4 Ra6 31. Nc5 Rb6 32. Na4 Ra6 33. Nc5 Ra5 34. Nd3 Qd6 35. Re1 Bd7 36. Ne5 Rf5 37. Qc3 Rxa2 38. Ng4 d4 39. Nh6+ Kg7 40. Nxf5+ gxf5 41. Red1 e5 42. Qg3+ Kf6 43. f4 e4 44. Qh4+ Kg7 45. Qg5+ Kf7 46. Qh5+ Kg7 47. Rc3 Qxf4 48. Rf1 Qd6 49. Qg5+ Qg6 50. Qe7+ Kg8 51. Qd8+ Be8 52. Rg3 Qxg3 53. Qxe8+ Kg7 54. Qe7+ Kh6 55. Qf6+ Qg6 56. Qf8+ Kg5 57. Qe7+ Kh5 58. g4+ fxg4 59. Qe5+ Kh4 60. Qe7+ Kxh3 61. Qe5 Qh6 62. Kh1 Qd2 0-1


[Site "https://www.chess.com"]

[Event "Titled Tuesday Blitz August 08 Late 2023"]
[White "Riehle, Marco"]
[Black "Loay, Sameer"]
[WhiteFideId "12904392"]
[BlackFideId "8104239"]
[WhiteElo "2808"]
[BlackElo "2524"]
[Result "1-0"]
[Round "2"]
[TimeControl "180+1"]
[Date "2023.08.08"]
[WhiteClock "0:00:10"]
[BlackClock "0:00:11"]
[Board "49"]

1. e4 g6 2. d4 Bg7 3. c4 d6 4. Nc3 Nf6 5. f3 O-O 6. Be3 c6 7. Qd2 a6 8. Bd3 b5 9. Nge2 Nbd7 10. O-O b4 11. Na4 a5 12. b3 e5 13. d5 c5 14. a3 Nh5 15. axb4 axb4 16. Nb2 Rxa1 17. Rxa1 f5 18. Na4 fxe4 19. Bxe4 Ndf6 20. h3 Nxe4 21. fxe4 Nf4 22. Rf1 Nxh3+ 23. gxh3 Rxf1+ 24. Kxf1 Bxh3+ 25. Ke1 Qh4+ 26. Kd1 Qxe4 27. Nb2 Bf5 28. Ke1 h5 29. Nd1 Qh1+ 30. Bg1 Kh7 31. Qg5 Bg4 32. Nf2 Qf3 33. Nxg4 hxg4 34. Qh4+ Kg8 35. Qd8+ Kh7 36. Qxd6 e4 37. Bxc5 Bc3+ 38. Nxc3 bxc3 39. Qe7+ Kg8 40. Qe6+ Kh7 41. Qe7+ Kg8 42. Qd8+ Kh7 43. Qh4+ Kg8 44. Qd8+ Kh7 45. Qh4+ Kg8 46. Bd4 c2 47. Qd8+ Kf7 48. Qd7+ Kf8 49. Qd8+ Kf7 50. Qd7+ Kf8 51. Qg7+ Ke8 52. Qxg6+ Kd7 53. Qe6+ Kc7 54. Qc6+ Kb8 55. Be5+ Ka7 56. Qa4+ Kb7 57. Qb5+ Ka7 58. Qa4+ Kb7 59. Qb4+ Kc8 60. Qc5+ Kd7 61. Qc6+ Kd8 62. Qa8+ Ke7 63. d6+ Kf7 64. Qb7+ Kg8 65. Qg7# 1-0


[Site "https://www.chess.com"]

[Event "Titled Tuesday Blitz August 08 Late 2023"]
[White "Ansh M Shah"]
[Black "Bauman_Guy"]
[WhiteFideId "25033379"]
[WhiteElo "2522"]
[BlackElo "2807"]
[Result "0-1"]
[Round "2"]
[TimeControl "180+1"]
[Date "2023.08.08"]
[WhiteClock "0:00:00"]
[BlackClock "0:00:11"]
[Board "50"]

1. d4 Nf6 2. c4 e6 3. g3 c5 4. Nf3 cxd4 5. Nxd4 d5 6. Bg2 e5 7. Nc2 d4 8. O-O Nc6 9. a3 a5 10. Nd2 Be7 11. Ne4 O-O 12. e3 Be6 13. exd4 exd4 14. b3 a4 15. Nb4 axb3 16. Nxc6 bxc6 17. Qxb3 Rb8 18. Qd3 c5 19. Bf4 Rb6 20. Rfb1 Nd7 21. a4 Ra6 22. Rb5 h6 23. h4 Nb6 24. Nd2 Rxa4 25. Rxa4 Nxa4 26. Qb3 Nc3 27. Rb8 Qa5 28. Rxf8+ Bxf8 29. Bf3 Qd8 30. Ne4 Nxe4 31. Bxe4 Bd6 32. Bxd6 Qxd6 33. Qa3 g5 34. Qa8+ Kg7 35. hxg5 hxg5 36. Bd3 Qe5 37. Qc6 Bf5 38. Bxf5 Qxf5 39. Qd6 Qb1+ 40. Kg2 Qe4+ 41. Kf1 Qf5 42. Qd8 g4 43. Kg1 d3 44. Kf1 Kg6 45. Ke1 Qe4+ 46. Kf1 Qe2+ 47. Kg2 Qe4+ 48. Kg1 Qxc4 49. Qd6+ f6 50. Qd7 Qe4 0-1


[Site "https://www.chess.com"]

[Event "Titled Tuesday Blitz August 08 Late 2023"]
[White "Glavina, Pablo"]
[Black "Grigorov, Grigor"]
[WhiteFideId "100234"]
[BlackFideId "2907313"]
[WhiteElo "2521"]
[BlackElo "2807"]
[Result "0-1"]
[Round "2"]
[TimeControl "180+1"]
[Date "2023.08.08"]
[WhiteClock "0:00:54"]
[BlackClock "0:00:07"]
[Board "51"]

1. c4 e6 2. g3 d5 3. Bg2 d4 4. Nf3 Nc6 5. O-O Bc5 6. d3 Nf6 7. Bg5 O-O 8. Nbd2 Be7 9. a3 a5 10. Qc2 Nd7 11. Bxe7 Qxe7 12. b3 Nc5 13. Rab1 Na6 14. Ra1 e5 15. Rfe1 Bf5 16. Nh4 Bd7 17. e3 dxe3 18. fxe3 Nc5 19. Nhf3 Bf5 20. e4 Bg4 21. Qc3 Rad8 22. Re3 Nd4 23. b4 axb4 24. axb4 Bxf3 25. Nxf3 Ncb3 26. Rf1 Nxf3+ 27. Rexf3 Nd4 28. R3f2 Ra8 29. c5 Qe6 30. h4 Ra2 31. Kh2 Rxf2 32. Rxf2 Ra8 33. Qd2 f6 34. Bh3 Qb3 35. g4 Nf3+ 36. Rxf3 Ra2 37. Rf2 Rxd2 38. Rxd2 Qxb4 39. Rc2 Qe1 40. g5 Qxh4 41. gxf6 Qxf6 42. Rb2 b6 43. cxb6 cxb6 44. Kg2 g6 45. Rb5 Qg5+ 46. Kh1 Qc1+ 47. Kh2 Qd2+ 48. Bg2 Qxd3 49. Rxb6 Qe3 50. Rb7 Qf4+ 51. Kh1 h5 52. Rb6 Kg7 53. Rb3 g5 54. Rf3 Qc1+ 55. Kh2 g4 56. Rf5 h4 57. Rh5 Qf4+ 58. Kh1 Qg3 59. Rg5+ Kh6 60. Rg8 h3 61. Bf1 Qf2 62. Rxg4 Qxf1+ 63. Kh2 Qf3 64. Rh4+ Kg5 65. Rxh3 Qxe4 66. Rh8 Qe2+ 67. Kg3 Qg4+ 68. Kf2 Qf4+ 69. Ke2 e4 70. Rg8+ Kh6 71. Rh8+ Kg7 72. Ra8 Qf3+ 73. Ke1 e3 74. Ra2 Qh1+ 75. Ke2 Qh2+ 76. Kxe3 Qxa2 77. Kd4 Qb3 78. Ke5 Qc4 79. Kd6 0-1


[Site "https://www.chess.com"]

[Event "Titled Tuesday Blitz August 08 Late 2023"]
[White "FromTexas54"]
[Black "Tristan, Leonardo"]
[BlackFideId "113816"]
[WhiteElo "2521"]
[BlackElo "2786"]
[Result "0-1"]
[Round "2"]
[TimeControl "180+1"]
[Date "2023.08.08"]
[WhiteClock "0:00:00"]
[BlackClock "0:00:09"]
[Board "52"]

1. Nf3 d5 2. g3 Nf6 3. Bg2 Bf5 4. c4 e6 5. Qb3 Nc6 6. Qxb7 Nb4 7. Na3 a6 8. Nd4 Bc5 9. Nc6 Qc8 10. Qxc8+ Rxc8 11. cxd5 exd5 12. Nxb4 Bxb4 13. O-O O-O 14. d3 Rfe8 15. Nc2 Bd6 16. Ne3 Bg6 17. Bf3 Rb8 18. Rb1 a5 19. Bd2 a4 20. Rfe1 Rb5 21. Bc3 c6 22. Nc2 Reb8 23. Nd4 R5b6 24. Nc2 Nd7 25. Bd4 c5 26. Bc3 d4 27. Nxd4 cxd4 28. Bxd4 Bc5 29. Bxc5 Nxc5 30. Rec1 Ne6 31. Rc4 h6 32. Rxa4 Rxb2 33. Rxb2 Rxb2 34. Ra8+ Kh7 35. h4 Nd4 36. Kg2 Nxe2 37. Ra7 Nd4 38. Be4 Bxe4+ 39. dxe4 Kg6 40. h5+ Kf6 41. a4 Ra2 42. e5+ Ke6 43. g4 Nc6 44. Rc7 Nxe5 45. Kg3 Ra3+ 46. f3 Rxf3+ 47. Kg2 Ra3 0-1


[Site "https://www.chess.com"]

[Event "Titled Tuesday Blitz August 08 Late 2023"]
[White "Adewumi, Tanitoluwa"]
[Black "brm72"]
[WhiteFideId "30966396"]
[WhiteElo "2779"]
[BlackElo "2521"]
[Result "1-0"]
[Round "2"]
[TimeControl "180+1"]
[Date "2023.08.08"]
[WhiteClock "0:00:17"]
[BlackClock "0:00:32"]
[Board "53"]

1. e4 c6 2. d4 d5 3. exd5 cxd5 4. Bd3 Nc6 5. c3 Qc7 6. Ne2 Bg4 7. O-O Nf6 8. Bg5 e6 9. Qe1 Bd6 10. f3 Bh5 11. Qh4 Bg6 12. Bxg6 fxg6 13. Bxf6 gxf6 14. Qxf6 Rf8 15. Qxe6+ Kd8 16. g3 Re8 17. Qf6+ Be7 18. Qf4 Bd6 19. Qg5+ Kd7 20. Rf2 Re6 21. Na3 a6 22. Qxd5 Rae8 23. Re1 Kc8 24. Nc4 Bf8 25. Qg5 Be7 26. Qg4 Bf6 27. Nf4 h5 28. Qh3 Nxd4 29. Nxe6 Qd7 30. Nb6+ 1-0


[Site "https://www.chess.com"]

[Event "Titled Tuesday Blitz August 08 Late 2023"]
[White "Domingo Nunez, Alejandro"]
[Black "Kilic, Eray"]
[WhiteFideId "22245561"]
[BlackFideId "44517173"]
[WhiteElo "2518"]
[BlackElo "2778"]
[Result "0-1"]
[Round "2"]
[TimeControl "180+1"]
[Date "2023.08.08"]
[WhiteClock "0:00:04"]
[BlackClock "0:00:26"]
[Board "54"]

1. Nf3 Nf6 2. g3 d5 3. Bg2 g6 4. b3 Bg7 5. Bb2 O-O 6. c4 Nc6 7. O-O d4 8. e3 e5 9. exd4 exd4 10. Na3 Bf5 11. Nb5 Ne4 12. Nh4 a6 13. Nxf5 gxf5 14. Na3 Qg5 15. Nb1 Rae8 16. Ba3 d3 17. Nc3 Nxd2 18. f4 Qf6 19. Qxd2 Qxc3 20. Rad1 Qxd2 21. Rxd2 Re2 22. Rfd1 Bd4+ 23. Kh1 Rfe8 24. Rxd3 Rxa2 25. Bxc6 bxc6 26. Rxd4 Rxa3 27. Rd8 Kf8 28. R1d7 Rxd8 29. Rxd8+ Ke7 30. Ra8 a5 31. Kg2 Kd6 32. h4 Kc5 33. h5 h6 34. Ra6 f6 35. Kh2 Ra2+ 36. Kh3 Kd6 37. Ra8 Ra3 38. Kg2 Ke6 39. Ra6 Kd7 40. Kh3 Kd6 41. Kg2 Rxb3 42. Rxa5 Ke6 43. Rc5 Rb6 44. Kh3 Ra6 45. Kh4 Rb6 46. Kh3 Ke7 47. Rxf5 Rb4 48. Rc5 Kd6 49. Rf5 Ke6 50. Rc5 Rb6 51. Rf5 Kxf5 0-1


[Site "https://www.chess.com"]

[Event "Titled Tuesday Blitz August 08 Late 2023"]
[White "Fier, Alexandr"]
[Black "Kubicka, Anna"]
[WhiteFideId "2107139"]
[BlackFideId "1152254"]
[WhiteElo "2773"]
[BlackElo "2517"]
[Result "1-0"]
[Round "2"]
[TimeControl "180+1"]
[Date "2023.08.08"]
[WhiteClock "0:02:27"]
[BlackClock "0:00:00"]
[Board "55"]

1. e4 c5 2. Nf3 d6 3. d4 cxd4 4. Nxd4 Nf6 5. Nc3 a6 6. Bg5 Nbd7 7. Qe2 h6 8. Bd2 e5 9. Nb3 Be7 10. O-O-O b5 11. g4 Bb7 12. Rg1 b4 13. Nd5 Nxd5 14. exd5 a5 15. Kb1 a4 16. Nc1 Qb6 17. Be3 Qa5 18. Qb5 b3 19. Qxa5 bxc2+ 20. Kxc2 Rxa5 21. Bg2 Bg5 22. Ne2 Bxe3 23. fxe3 O-O 24. Nc3 a3 25. b4 Raa8 26. Kb3 Rfc8 27. Nb5 Ra6 28. Rc1 Rxc1 29. Rxc1 Nf6 30. Nc7 Rb6 31. h3 e4 32. Rd1 Nd7 33. Kxa3 Nf6 34. Kb3 Bc8 35. a4 Rb7 36. Nb5 Bd7 37. Nxd6 Ra7 38. b5 Kf8 39. Nxe4 1-0


[Site "https://www.chess.com"]

[Event "Titled Tuesday Blitz August 08 Late 2023"]
[White "Hambleton, Aman"]
[Black "Mekhane, Adam"]
[WhiteFideId "2606577"]
[BlackFideId "36050601"]
[WhiteElo "2767"]
[BlackElo "2515"]
[Result "0-1"]
[Round "2"]
[TimeControl "180+1"]
[Date "2023.08.08"]
[WhiteClock "0:00:02"]
[BlackClock "0:00:22"]
[Board "56"]

1. d4 Nf6 2. Bf4 g6 3. Nc3 d5 4. e3 Bg7 5. h4 h5 6. Nf3 O-O 7. Ne5 c5 8. Qd2 Nc6 9. Be2 Qa5 10. O-O-O Bf5 11. Bd3 cxd4 12. Nxc6 bxc6 13. exd4 Bxd3 14. Qxd3 c5 15. dxc5 Qxc5 16. Nxd5 Nxd5 17. Qxd5 Bxb2+ 18. Kxb2 Qb4+ 19. Ka1 Qxf4 20. Qd4 Qc7 21. c4 Rfd8 22. Qc3 Qc5 23. Rxd8+ Rxd8 24. Rc1 e5 25. f3 Rd4 26. g3 Kg7 27. a3 Rd6 28. Ka2 Rf6 29. Rc2 Kg8 30. Re2 Qc6 31. Qxe5 Qxc4+ 32. Ka1 Rb6 33. Qe8+ Kg7 34. Rb2 Qc1+ 35. Rb1 Qxb1# 0-1


[Site "https://www.chess.com"]

[Event "Titled Tuesday Blitz August 08 Late 2023"]
[White "Aradhya, Garg"]
[Black "Dragomirescu, Robin-Alexandru"]
[WhiteFideId "25006746"]
[BlackFideId "1213849"]
[WhiteElo "2762"]
[BlackElo "2513"]
[Result "1/2-1/2"]
[Round "2"]
[TimeControl "180+1"]
[Date "2023.08.08"]
[WhiteClock "0:00:12"]
[BlackClock "0:00:07"]
[Board "57"]

1. d4 d5 2. c4 Nc6 3. cxd5 Qxd5 4. Nf3 e5 5. Nc3 Bb4 6. Bd2 Bxc3 7. Bxc3 e4 8. Ne5 Nxe5 9. dxe5 Ne7 10. e3 Be6 11. Be2 Qxd1+ 12. Bxd1 Nd5 13. Bd2 f5 14. exf6 gxf6 15. Bh5+ Ke7 16. O-O-O f5 17. Be2 Rad8 18. h4 c5 19. b3 Rd6 20. Kb2 Rhd8 21. Be1 b6 22. h5 a5 23. h6 Nb4 24. Rxd6 Rxd6 25. f4 Nd3+ 26. Kc2 Nxe1+ 27. Rxe1 Kf6 28. Rh1 Kg6 29. Rh4 Bd7 30. a4 Be6 31. g3 Kf6 32. g4 fxg4 33. Bxg4 Rd3 34. Bxe6 Kxe6 35. Rh3 Rd5 36. Kc3 Rd1 37. Kc4 Rc1+ 38. Kb5 Rb1 39. Kxb6 c4 40. Kxa5 Rxb3 41. Rg3 c3 42. Rg2 Rb2 43. Rg8 Kd7 44. Rg5 Kd6 45. Rg8 Kd7 46. Rg7+ Kd6 47. Rg8 Kd7 1/2-1/2


[Site "https://www.chess.com"]

[Event "Titled Tuesday Blitz August 08 Late 2023"]
[White "Hnydiuk, Aleksander"]
[Black "Lamaze, Simon"]
[WhiteFideId "1109057"]
[BlackFideId "36069264"]
[WhiteElo "2512"]
[BlackElo "2761"]
[Result "1-0"]
[Round "2"]
[TimeControl "180+1"]
[Date "2023.08.08"]
[WhiteClock "0:00:04"]
[BlackClock "0:00:22"]
[Board "58"]

1. d4 d5 2. c4 e6 3. Nc3 Nf6 4. cxd5 exd5 5. Bg5 c6 6. e3 Bf5 7. Qf3 Bg6 8. Bxf6 Qxf6 9. Qxf6 gxf6 10. h4 h5 11. Nh3 Nd7 12. Nf4 Bd6 13. g3 Bxf4 14. gxf4 a5 15. Bh3 f5 16. O-O-O Ke7 17. Kb1 Nf8 18. Ne2 Ne6 19. Nc1 Rhg8 20. Nd3 Nc7 21. Rhg1 f6 22. Rg3 Kf7 23. Nc5 Rab8 24. Rdg1 Nb5 25. Kc1 Nd6 26. Bf1 Bh7 27. Be2 Rg4 28. Bxg4 fxg4 29. Rd1 Nf5 30. Rg2 Bg6 31. Rh2 g3 32. fxg3 Nxe3 33. Re1 Nf5 34. Rhe2 Kg7 35. Re7+ Nxe7 36. Rxe7+ Kh6 37. Rxb7 Re8 38. Kd2 Bb1 39. a3 Ba2 40. b3 Kg6 41. Rc7 a4 42. bxa4 Bc4 43. Rxc6 Re2+ 44. Kc3 Ra2 45. Kb4 Rb2+ 46. Kc3 Ra2 47. a5 Rxa3+ 48. Kb4 Ra1 49. a6 Kf5 50. Na4 Rb1+ 51. Kc5 Rb5+ 52. Kd6 Ra5 53. Nc5 Kg4 54. Kc7 Kxg3 55. Rxf6 Kxh4 56. Rg6 Kh3 57. f5 Bd3 58. Rg5 Bxf5 59. Rxf5 Kg4 60. Rxd5 h4 61. Rd8 Ra1 62. Rg8+ Kh3 63. Kb6 Rb1+ 64. Kc6 Rf1 65. a7 Rf6+ 66. Kb5 Rg6 67. a8=Q Rxg8 68. Qxg8 Kh2 69. Qe6 h3 70. Qe5+ Kh1 71. Ne4 h2 72. Ng3+ Kg2 73. Qe4+ Kxg3 74. Qh1 1-0


[Site "https://www.chess.com"]

[Event "Titled Tuesday Blitz August 08 Late 2023"]
[White "Klukin, Kirill"]
[Black "Willy, Stephen"]
[WhiteFideId "24199273"]
[BlackFideId "30981468"]
[WhiteElo "2757"]
[BlackElo "2512"]
[Result "1-0"]
[Round "2"]
[TimeControl "180+1"]
[Date "2023.08.08"]
[WhiteClock "0:00:08"]
[BlackClock "0:00:04"]
[Board "59"]

1. d4 d5 2. c4 e6 3. Nc3 Be7 4. Nf3 Nf6 5. Bg5 O-O 6. e3 b6 7. cxd5 Nxd5 8. Bxe7 Qxe7 9. Nxd5 exd5 10. Be2 Be6 11. O-O c5 12. dxc5 bxc5 13. Rc1 Nd7 14. Qa4 Rfb8 15. b3 c4 16. bxc4 dxc4 17. Nd4 Nb6 18. Qa5 Rc8 19. Bf3 Rc5 20. Qa3 Rac8 21. Rfd1 Bd5 22. Nf5 Qf6 23. Bxd5 Qxf5 24. Bb7 Re8 25. Qxa7 Nd7 26. e4 Qg5 27. h4 Qxh4 28. Rd5 Rc7 29. Qa4 Nf6 30. Rf5 Rxb7 31. Rxf6 Rbe7 32. Rd6 Rxe4 33. Rdd1 Re2 34. Qa7 h5 35. a4 R8e3 36. Rf1 Re7 37. Qb8+ Kh7 38. Qb5 Qd4 39. Qxc4 Qxc4 40. Rxc4 Ra2 41. Rb1 Ree2 42. Rf4 f6 43. Rb5 Re1+ 44. Kh2 Ree2 45. Rxh5+ Kg6 46. Rhf5 Kf7 47. Kg3 Ke6 48. Rb5 g5 49. Rb6+ Ke7 50. Rfxf6 Rxa4 51. Rf5 Ra3+ 52. Kh2 Raa2 53. Rbf6 Red2 54. Kg3 Ra3+ 55. Rf3 Rdd3 56. Rf5 Rxf3+ 57. Rxf3 Ra4 58. Rf5 g4 59. Rf4 Ra3+ 60. Kxg4 Ke6 61. g3 Ra2 62. Kf3 Ra8 63. Rb4 Kf5 64. Rb5+ Kf6 65. Kg4 Rg8+ 66. Kf4 Ra8 67. Rb6+ Kf7 68. g4 Ra2 69. Kg3 Ra4 70. f4 Ra3+ 71. Kh4 Ra4 72. f5 Kg7 73. Kg5 Kf7 74. Rb7+ Ke8 75. f6 Kf8 76. Kf5 Kg8 77. g5 Kf8 78. Kg6 Kg8 79. Rb8# 1-0


[Site "https://www.chess.com"]

[Event "Titled Tuesday Blitz August 08 Late 2023"]
[White "Grinev, Valeriy"]
[Black "Kuzmicz, Krystian"]
[WhiteFideId "14117517"]
[BlackFideId "1119125"]
[WhiteElo "2511"]
[BlackElo "2751"]
[Result "0-1"]
[Round "2"]
[TimeControl "180+1"]
[Date "2023.08.08"]
[WhiteClock "0:00:21"]
[BlackClock "0:00:15"]
[Board "60"]

1. d4 g6 2. c4 Bg7 3. e4 c6 4. Nc3 d5 5. exd5 cxd5 6. cxd5 Nf6 7. Qb3 O-O 8. Be2 Nbd7 9. Bf3 Nb6 10. a4 e6 11. dxe6 Bxe6 12. Qd1 Bc4 13. Nge2 Nbd5 14. O-O Rc8 15. Re1 b6 16. Bg5 Qd7 17. h3 Rfe8 18. Nxd5 Nxd5 19. Bg4 f5 20. Bf3 Nb4 21. Ra3 Bf7 22. Rc3 Nd5 23. Rc1 Rxc1 24. Bxc1 Rc8 25. Bd2 Rc4 26. b3 Rc8 27. Qb1 Qd6 28. Rc1 Re8 29. Qd3 Nb4 30. Bxb4 Qxb4 31. d5 Rd8 32. Rc7 a5 33. Qe3 Re8 34. Qd3 Qe1+ 35. Kh2 Be5+ 36. g3 Bxc7 37. d6 Bxd6 38. Qxd6 Qxf2+ 39. Kh1 Qxf3+ 40. Kg1 Rxe2 41. Qd8+ Kg7 42. Qd4+ Kh6 43. Qh4+ Kg7 44. Qd4+ Kg8 45. Qd8+ Be8 46. Qd5+ Qxd5 0-1


[Site "https://www.chess.com"]